 Dungeon Crawl Stone Soup version 0.32-a0-931-g5a2cda0630 (webtiles) character file.

Game seed: 12899095085236254714

277 Ofeo the Charlatan (level 6, -7/46 HPs)
             Began as a Coglin Artificer on Apr 13, 2024.
             Mangled by an ice beast (12 damage)
             ... on level 4 of the Dungeon.
             The game lasted 00:02:48 (3882 turns).

Ofeo the Charlatan (Coglin Artificer)               Turns: 3882, Time: 00:02:48

Health: -7/46      AC:  3    Str: 15    XL:     6   Next: 25%
Magic:  6/6        EV: 11    Int: 10    God:
Gold:   188        SH:  0    Dex: 14    Spells: 5/5 levels left

rFire   + . .        n - +0 mace {Hwan}
rCold   . . .        o - +0 dagger (flame) {Jasleen}
rNeg    . . .        b - +0 leather armour
rPois   .            (no helmet)
rElec   .            (no cloak)
rCorr   .            (no gloves)
SInv    .            (no boots)
Will    .....        (amulet unavailable)
Stlth   ++           (ring unavailable)
HPRegen 0.27/turn    (ring unavailable)
MPRegen 0.10/turn    (no gizmo)

%: no passive effects
@: revved
A: off-hand wielding, slow wielding, warmup strikes, no jewellery, fire
resistance 1
a: Invent Gizmo


You were on level 4 of the Dungeon.
You visited 1 branch of the dungeon, and saw 4 of its levels.

You collected 188 gold pieces.

Inventory:

Hand Weapons
 a - a +0 club {Karolin}
 f - a +0 dagger {Belshunu}
 n - a +0 mace (weapon) {Hwan}
 o - a +0 dagger of flaming (offhand) {Jasleen}
Armour
 b - a +0 leather armour (worn)
Wands
 c - a wand of flame (15) (quivered)
 d - a wand of charming (12)
 e - a wand of iceblast (5) {@v4}
Scrolls
 g - 2 scrolls of poison {unknown}
 i - 4 scrolls of identify {unknown}
 j - a scroll of enchant weapon {unknown}
 k - 2 scrolls of blinking {unknown}
 m - 3 scrolls of noise {unknown}
 q - a scroll of teleportation {unknown}
Potions
 h - 2 potions of degeneration {unknown}
 l - 2 potions of enlightenment {unknown}


   Skills:
 + Level 2.7 Fighting
 + Level 3.0 Armour
 + Level 2.4 Dodging
 + Level 2.3 Stealth
 + Level 5.3 Evocations


You had 5 spell levels left.
You didn't know any spells.
Your spell library contained the following spells:

 Spells                   Type           Power      Damage    Failure   Level
 Apportation              Tloc           0%         N/A       43%         1
 Necrotise                Necr           0%         1d4       43%         1
 Sting                    Conj/Alch      0%         1d3       43%         1
 Summon Small Mammal      Summ           0%         N/A       43%         1
 Call Imp                 Summ           0%         N/A       56%         2
 Sublimation of Blood     Necr           0%         N/A       56%         2
 Call Canine Familiar     Summ           0%         N/A       80%         3
 Sigil of Binding         Hex            0%         N/A       80%         3
 Dimensional Bullseye     Hex/Tloc       0%         N/A       99%         4
 Summon Hydra             Summ           0%         N/A       100%        7


Dungeon Overview and Level Annotations

Branches:
Dungeon (4/15)
 Temple: D:4-7

Altars:
Qazlal


Innate Abilities, Weirdness & Mutations

You can wield a second weapon in your off-hand.
It takes a long time for you to wield or remove held weapons.
Your first few attacks do less damage.
You cannot equip rings or amulets.
Your flesh is heat resistant. (rF+)


Message History

You take 4 damage, and have 42/46 hp.
You hit the phantom but do no damage.
You closely miss the phantom with your +0 mace.
The phantom hits you but does no damage.
You barely miss the phantom with your +0 mace.
You closely miss the phantom with your +0 dagger of flaming.
The phantom hits you.
You take 6 damage, and have 37/46 hp.
The phantom hits you!
You take 7 damage, and have 30/46 hp.
You barely miss the phantom with your +0 mace.
You miss the phantom with your +0 dagger of flaming.
The phantom barely misses you.
You barely miss the phantom with your +0 dagger of flaming.
You closely miss the phantom with your +0 mace.
The phantom hits you.
The phantom blinks!
You blink.
An ice beast comes into view.
The phantom hits you.
The phantom blinks!
You blink.
You take 9 damage, and have 22/46 hp.
You closely miss the phantom with your +0 dagger of flaming.
You barely miss the phantom with your +0 mace.
The phantom misses you.
You are too injured to fight recklessly!
You hit the phantom but do no damage.
You barely miss the phantom with your +0 mace.
The phantom misses you.
You are too injured to fight recklessly!
You are too injured to fight recklessly!
Aiming: Charm
Press: ? - help, Shift-Dir - straight line, f - phantom
Aim: a phantom (black smoke, lava, chance to affect: 45%)
The phantom is charmed.
The ice beast attacks as it pursues you!
The ice beast hits you. The ice beast freezes you!
* * * LOW HITPOINT WARNING * * *
You take 15 damage, and have 8/46 hp.
MASSIVE DAMAGE!!
The ice beast hits you.
* * * LOW HITPOINT WARNING * * *
The ice beast freezes you!
You die...

#.#.............
#.######....#### ##### #.#
#.......#
#######...####.######...###..
......'..................†...
#######...####.##############
..........(≈.^...(^#
#########.^^#...##
#.≈≈@..≈.## #^#^WY.^..#
#..§≈(≈...≈§§# #..§.§._...(..
#..§≈...^^.^^# #.≈###..^#≈≈.#
#.. #§.^≈§§^# #. #..^^##.# #
≈(..(≈ ##


You could see an ice beast and a friendly phantom (charmed).

Vanquished Creatures
  A bullfrog (D:4)
  A scorpion (D:4)
  A hound (D:4)
  A bombardier beetle (D:3)
  4 adders (D:2)
  A dart slug (D:1)
  A ribbon worm (D:2)
  An orc (D:3)
  3 endoplasms
  A giant cockroach (D:4)
  10 goblins
  7 hobgoblins
  3 jackals (D:1)
  3 kobolds
  4 quokkas
  5 ball pythons
  A bat (D:2)
  2 frilled lizards
  5 rats
55 creatures vanquished.

Vanquished Creatures (collateral kills)
  An endoplasm (D:2)
1 creature vanquished.

Grand Total: 56 creatures vanquished

Notes
Turn   | Place    | Note
-------+----------+-------------------------------------------
     0 | D:1      | Ofeo the Coglin Artificer began the quest for the Orb.
     0 | D:1      | Reached XP level 1. HP: 15/15 MP: 1/1
   256 | D:1      | Reached skill level 1 in Dodging
   285 | D:1      | Reached skill level 1 in Stealth
   289 | D:1      | Reached XP level 2. HP: 18/21 MP: 2/2
   941 | D:2      | Reached XP level 3. HP: 24/26 MP: 3/3
  1570 | D:2      | Reached XP level 4. HP: 30/33 MP: 4/4
  2827 | D:3      | Reached XP level 5. HP: 38/38 MP: 5/5
  3404 | D:4      | Reached skill level 5 in Evocations
  3455 | D:4      | Gained mutation: Your flesh is heat resistant. (rF+)
                  | [potion of mutation]
  3456 | D:4      | HP: 1/39 [bullfrog (1)]
  3458 | D:4      | Reached XP level 6. HP: 2/46 MP: 6/6
  3862 | D:4      | Found a stormy altar of Qazlal.
  3877 | D:4      | Noticed an ice beast
  3882 | D:4      | Mangled by an ice beast

Illustrated notes

Levels and vault maps discovered:
D:1:      scummos_arrival_star, layout_loops_ring, minmay_misc_feat_tower
D:2:      kennysheep_the_goblin_king, layout_loops_cross, dk_noncrumbling_3
D:3:      layout_basic
D:4:      layout_basic, grunt_qazlal_sundering, nzn_wu_jian_council_hall,
          temple_statues

Skill      XL: |  1  2  3  4  5  6 |
---------------+-------------------+-----
Dodging        | 1 2 |  2.4
Stealth        | 1 2 |  2.3
Armour         | 2 3 |  3.0
Fighting       | 2 |  2.7
Evocations     | 5 |  5.3

Action                     |  1- 3 |  4- 6 || total
---------------------------+-------+-------++-------
  Melee: Dagger            |    85 |    75 ||   160
         Club              |    81 |    28 ||   109
         Mace              |       |    51 ||    51
  Evoke: Wand              |       |     3 ||     3
    Use: Potion            |       |     2 ||     2
   Stab: Sleeping          |     4 |     1 ||     5
 Armour: Leather armour    |    63 |    68 ||   131
  Dodge: Dodged            |    64 |    46 ||   110

Table legend: (Time is in decaauts)
 A = Elapsed time spent in this place.
 B = Non-inter-level travel time spent in this place.
 C = Inter-level travel time spent in this place.
 D = Time resting spent in this place.
 E = Time spent auto-exploring this place.
 F = Levels seen in this place.
 G = Mean time per level.
                   A        B        C        D        E       F      G
               +--------+--------+--------+--------+--------+-----+--------+
         Total |   3914 |   3816 |     98 |    999 |   2278 |   4 |  978.5 |
       Dungeon |   3914 |   3816 |     98 |    999 |   2278 |   4 |  978.5 |
               +--------+--------+--------+--------+--------+-----+--------+

Top non-repeatable levels by time:
     D:2: 1659 daAuts
     D:1: 1037 daAuts
     D:3: 730 daAuts
     D:4: 487 daAuts
